 Dungeon Crawl Stone Soup version 0.20.0-8-g6b59dc7 (webtiles) character file.

102 lauthentik the Ruffian (level 4, -3/35 HPs)
             Began as a Draconian Transmuter on June 1, 2017.
             Slain by an orc wizard
             ... wielding a +2 dagger of speed
              (4 damage)
             ... on level 3 of the Dungeon.
             The game lasted 00:08:48 (1998 turns).

lauthentik the Ruffian (Draconian Transmuter)       Turns: 1998, Time: 00:08:48

Health: -3/35      AC:  5    Str: 12    XL:     4   Next: 50%
Magic:  7/7        EV: 12    Int: 15    God:
Gold:   100        SH:  3    Dex: 13    Spells: 7/8 levels left

rFire    . . .     SeeInvis .     - Unarmed
rCold    . . .     Gourm    .   f - +0 buckler
rNeg     . . .     Faith    .   (armour unavailable)
rPois    .         Spirit   .   (helmet restricted)
rElec    .         Reflect  .   (no cloak)
rCorr    .         Harm     .   (no gloves)
MR       .....                  (no boots)
Stlth    +.........             (no amulet)
Regen    0.2/turn               (no ring)
MPRegen  0.1/turn               (no ring)

@: appendage
A: unfitting armour, horns 2, agile 1, cold-blooded, AC +5
a: End Transformation


You were on level 3 of the Dungeon.
You were not hungry.
You had grown temporary horns.
You visited 1 branch of the dungeon, and saw 3 of its levels.

You collected 100 gold pieces.

Inventory:

Missiles
 a - 33 arrows
 h - 3 tomahawks (quivered)
Armour
 f - a +0 buckler (worn)
Scrolls
 d - 5 scrolls of amnesia {unknown}
 e - 3 scrolls of identify {unknown}
 i - a scroll of fear {unknown}
 k - a scroll of enchant weapon {unknown}
 n - a scroll of recharging {unknown}
 o - 3 scrolls of remove curse {unknown}
 r - a scroll of teleportation {unknown}
Potions
 g - a potion of curing
 j - a potion of mutation
 l - 2 potions of heal wounds {unknown}
 q - a potion of lignification {unknown}
Books
 b - a book of Changes

   Spells                             Type                      Level
   a - Beastly Appendage              Transmutation                1
   b - Sticks to Snakes               Transmutation                2
   c - Spider Form                    Transmutation/Poison         3
   d - Ice Form                       Ice/Transmutation            4
   e - Blade Hands                    Transmutation                5
Comestibles
 c - 5 bread rations
 m - 2 fruits
 p - a meat ration


   Skills:
 + Level 1.3 Fighting
 + Level 2.6 Dodging
 + Level 0.6 Stealth
 + Level 3.9 Unarmed Combat
 + Level 2.6 Spellcasting
 + Level 2.4 Transmutations


You had 7 spell levels left.
You knew the following spells:

 Your Spells              Type           Power        Failure   Level  Hunger
a - Beastly Appendage     Tmut           #.....       13%         1    #......


Dungeon Overview and Level Annotations

Branches:
Dungeon (3/15)

Altars:
Okawaru
Zin

Shops:
D:2 *


Innate Abilities, Weirdness & Mutations

Your plain brown scales are hard. (AC +5)
You cannot fit into any form of body armour.
You are cold-blooded and may be slowed by cold attacks.
You have a pair of horns on your head.
You are agile. (Dex +2)


Message History

You kill the adder!
An orc wizard comes into view. It is wielding a dagger of speed.
You hit the orc but do no damage. Your headbutt misses the orc.
Your tail-slap misses the orc.
The orc completely misses you.
You closely miss the orc. Your headbutt misses the orc.
You feel sick.
You feel better. The orc wizard hits you with a dagger!
* * * LOW HITPOINT WARNING * * *
The orc hits you with a whip.
* * * LOW HITPOINT WARNING * * *
You hit the orc. You headbutt the orc.
You kill the orc!
The orc wizard hits you but does no damage.
You hit the orc wizard but do no damage.
Your headbutt misses the orc wizard. The orc wizard barely misses you.
It was a potion of mutation.
You feel extremely strange.
You feel agile. The orc wizard hits you with a dagger.
* * * LOW HITPOINT WARNING * * *
The orc wizard hits you with a dagger of speed.
You die...

#. #.#.# #.#.... #......
.....## ######... .....
......... ...# #####...#
#..# ##..#.#
###..#######..##[# #
#@o...#...........
####.##o###...####.###.#
.o.....)<.....####.###.#
o###.......##.##........
#.......##....##.....
#.......###..###.....
#.....?.#......#.....
#.......#......#.....
#.......#......#.....


You could see 2 orc wizards.

Vanquished Creatures
  5 adders
  An ooze (D:1)
  A worm (D:2)
  A leopard gecko (D:2)
  3 orcs (D:3)
  2 bats (D:1)
  3 giant cockroaches
  5 goblins
  7 hobgoblins
  3 jackals (D:1)
  3 quokkas (D:2)
  A frilled lizard (D:1)
  4 kobolds
  6 rats
45 creatures vanquished.

Notes
Turn   | Place    | Note
-------+----------+-------------------------------------------
     0 | D:1      | lauthentik the Draconian Transmuter began the quest for the Orb.
     0 | D:1      | Reached XP level 1. HP: 16/16 MP: 3/3
   172 | D:1      | Reached XP level 2. HP: 9/23 MP: 5/5
  1064 | D:2      | Reached XP level 3. HP: 28/28 MP: 6/6
  1082 | D:2      | Found an iron altar of Okawaru.
  1248 | D:2      | Found Zin's Purification Station.
  1250 | D:2      | Found a glowing silver altar of Zin.
  1495 | D:2      | Reached XP level 4. HP: 35/35 MP: 7/7
  1998 | D:3      | Gained mutation: You are agile. (Dex +2) [potion of mutation]
  1998 | D:3      | HP: 1/35 [orc wizard/dagger (3)]
  1998 | D:3      | Slain by an orc wizard

Skill      XL: |  1  2 |
---------------+-------+-----
Dodging        | 2 |  2.6
Fighting       | |  1.3
Stealth        | |  0.6
Unarmed Combat | |  3.9
Spellcasting   | |  2.6
Transmutations | |  2.4

Action                   |  1- 3 |  4- 6 || total
-------------------------+-------+-------++-------
Melee: Unarmed           |   128 |    76 ||   204
       Tailslap          |    12 |     5 ||    17
       Headbutt          |     3 |     2 ||     5
       Kick              |     1 |       ||     1
       Punch             |     1 |       ||     1
 Cast: Beastly Appendage |    11 |     3 ||    14
  Use: Potion            |       |     3 ||     3
  Eat: Chunk             |     2 |     2 ||     4
Armor: Skin              |    37 |    24 ||    61
Dodge: Dodged            |    85 |    36 ||   121
Block: Buckler           |    11 |    10 ||    21
